 Dungeon Crawl Stone Soup version 0.25.0-9-g26727b6 (webtiles) character file.

Game seed: 10059959220139271812

292 Cheivey the Skirmisher (level 6, -2/48 HPs)
             Began as a Demonspawn Abyssal Knight on June 17, 2020.
             Was a Believer of Lugonu.
             Slain by Duvessa
             ... wielding a +2 rapier of draining
              (11 damage)
             ... on level 4 of the Dungeon.
             The game lasted 00:08:26 (4600 turns).

Cheivey the Skirmisher (Demonspawn Abyssal Knight)  Turns: 4600, Time: 00:08:27

Health: -2/48      AC:  9    Str: 13    XL:     6   Next: 10%
Magic:  0/17       EV:  7    Int: 14    God:    Lugonu [**....]
Gold:   199        SH:  3    Dex: 13    Spells: 5/5 levels left

rFire    . . .     SeeInvis .   a - +2 spear
rCold    . . .     Gourm    .   g - +0 buckler
rNeg     . . .     Faith    .   j - +1 scale mail
rPois    .         Spirit   +   (no helmet)
rElec    .         Reflect  .   (no cloak)
rCorr    .         Harm     .   (no gloves)
MR       .....                  (no boots)
Stlth    ..........             e - amulet of guardian spirit
HPRegen  0.16/turn              i - ring of magical power
MPRegen  0.15/turn              k - ring of wizardry

@: mighty, about to teleport, glowing, extremely drained
A: icy blue scales 1, powered by death 1
a: Depart the Abyss, Bend Space, Renounce Religion


You were on level 4 of the Dungeon.
You worshipped Lugonu.
Lugonu was pleased with you.
You were not hungry.

You visited 1 branch of the dungeon, and saw 4 of its levels.
You visited the Abyss 1 time.

You collected 199 gold pieces.

Inventory:

Hand Weapons
 a - a +2 spear (weapon)
Armour
 g - a +0 buckler (worn)
 j - a +1 scale mail (worn)
Jewellery
 e - an amulet of guardian spirit (around neck)
 i - a ring of magical power (left hand)
 k - a ring of wizardry (right hand)
Scrolls
 d - 2 scrolls of identify
 f - a scroll of teleportation
 l - a scroll of random uselessness {unknown}
 n - 3 scrolls of remove curse
 r - a scroll of fear {unknown}
Potions
 b - a potion of cancellation {unknown}
 o - a potion of stabbing {unknown}
 q - 2 potions of degeneration {unknown}
Comestibles
 c - 4 rations


   Skills:
 - Level 4.0(0.0) Fighting
 - Level 2.8(0.0) Polearms
 - Level 2.3(0.0) Armour
 - Level 1.5(0.0) Dodging
 - Level 0.7(0.0) Stealth
 + Level 3.4(0.0) Shields
 - Level 2.7(0.0) Invocations


You had 5 spell levels left.
You didn't know any spells.
Your spell library was empty.

Dungeon Overview and Level Annotations

Branches:
Dungeon (4/15)             Temple (0/1) D:4

Altars:
Ashenzari
Trog
Vehumet

Annotations:
D:4 Duvessa


Innate Abilities, Weirdness & Mutations

You are partially covered in icy blue scales. (AC +2)
You regenerate a little health from kills.


Message History

You feel drained.
You puncture Duvessa!
Duvessa is moderately wounded.
You block Duvessa's attack. x2
You barely miss Duvessa.
Duvessa is moderately wounded.
Duvessa hits you with a +2 rapier of draining!
You feel drained.
You hit Duvessa.
Duvessa is moderately wounded.
Duvessa hits you with a +2 rapier of draining.
You feel drained.
Duvessa hits you with a +2 rapier of draining.
* * * LOW HITPOINT WARNING * * *
You feel drained.
* * * LOW HITPOINT WARNING * * *
As you read the scroll of teleportation, it crumbles to dust.
You feel strangely unstable.
Duvessa hits you with a +2 rapier of draining!
You die...

.#########.#### #.#.##_.♣#.. .#
#.........# #.####.##### .#
#.####.##.# #.# ### +#
#.###...#.# #.# # ..###.##......#
#.# ## ...##.#.......# #<### ##.
....#.##......# #.#.## ##..
..............########....####...
.........#.>...e@)...........+.<.
.....#...#...#########....####...
....##.#####.# ##..## ##..
...###...#...# #.## ##.
.#.#####.#.#.# #.# ## ....#
#...#.# #.# # #.#.## #####.# #.#
#.#..# #.# #.# ..##.##### #.# #.#
#


You could see Duvessa (berserk).

Vanquished Creatures
  Dowan (D:4)
  A hound (D:4)
  Jessica (D:3)
  A worker ant (D:4)
  3 gnolls (D:3)
  7 adders
  2 adder skeletons (D:4)
  3 worms
  3 dart slugs
  A leopard gecko (D:3)
  2 orcs
  5 bats
  2 giant cockroaches
  4 goblins (D:1)
  9 hobgoblins
  A quokka (D:2)
  2 frilled lizards
  5 kobolds
  5 rats (D:1)
58 creatures vanquished.

Notes
Turn   | Place    | Note
-------+----------+-------------------------------------------
     0 | Abyss:1  | Cheivey the Demonspawn Abyssal Knight began the quest for
                  | the Orb.
     0 | Abyss:1  | Reached XP level 1. HP: 18/18 MP: 2/2
    64 | Abyss:1  | Noticed an eye of draining
    65 | D:1      | Escaped the Abyss
   142 | D:1      | Reached skill level 1 in Dodging
   268 | D:1      | Gained mutation: You are partially covered in icy blue
                  | scales. (AC +2) [demonic ancestry]
   268 | D:1      | Reached XP level 2. HP: 24/24 MP: 3/3
   496 | D:1      | Reached * piety under Lugonu
   788 | D:2      | Reached XP level 3. HP: 25/30 MP: 2/5
  1077 | D:2      | Found a shattered altar of Ashenzari.
  1177 | D:2      | Reached skill level 4 in Fighting
  1766 | D:3      | Reached XP level 4. HP: 37/37 MP: 6/6
  2343 | D:3      | Noticed Jessica
  2349 | D:3      | Killed Jessica
  2349 | D:3      | Reached skill level 1 in Shields
  2349 | D:3      | Gained mutation: You regenerate a little health from kills.
                  | [demonic ancestry]
  2349 | D:3      | Reached XP level 5. HP: 35/42 MP: 7/7
  2695 | D:4      | Found a bloodstained altar of Trog.
  2695 | D:4      | Found a radiant altar of Vehumet.
  2967 | D:4      | Found a staircase to the Ecumenical Temple.
  2975 | D:4      | Reached ** piety under Lugonu
  3178 | D:4      | Noticed Duvessa
  3178 | D:4      | Noticed Dowan
  4596 | D:4      | Killed Dowan
  4596 | D:4      | Reached XP level 6. HP: 19/48 MP: 5/8
  4600 | D:4      | Slain by Duvessa

Illustrated notes

Levels and vault maps discovered:
D:1:      dpeg_arrival_simpleton_c, layout_rooms
D:2:      layout_loops_cross, lemuel_round_altar, first_ration
D:3:      layout_basic, uniq_jessica
D:4:      layout_loops_corners, gammafunk_temple_overflow_statue,
          minmay_temple_entry_slanted, uniq_duvessa

Skill      XL: |  1  2  3  4  5 |
---------------+----------------+-----
Dodging        | 1 |  1.5
Polearms       | 2 |  2.8
Armour         | 2 |  2.3
Fighting       | 4 |  4.0
Shields        | 1 3 |  3.4
Stealth        | |  0.7
Invocations    | |  2.7

Action                   |  1- 3 |  4- 6 || total
-------------------------+-------+-------++-------
Melee: Spear             |   108 |   187 ||   295
Invok: Depart the Abyss  |     1 |       ||     1
  Use: Scroll            |     6 |     3 ||     9
       Potion            |     2 |     6 ||     8
 Stab: Distracted        |     1 |       ||     1
  Eat: Chunk             |     3 |     5 ||     8
       Ration            |       |     1 ||     1
Armor: Leather armour    |    24 |     9 ||    33
       Scale mail        |       |    97 ||    97
Dodge: Dodged            |    50 |    84 ||   134
Block: Buckler           |       |    20 ||    20
